 Dungeon Crawl Stone Soup version 0.23-b1-51-gfe822ef6ca (webtiles) character file.

Game seed: 8122665466938941098

2098 LostNumber the Magician (level 9, -4/69 HPs)
             Began as a Gnoll Warper on Feb 3, 2019.
             Was a Believer of Makhleb.
             Slain by an Executioner (20 damage)
             ... on level 2 of the Abyss.
             The game lasted 00:10:50 (5169 turns).

LostNumber the Magician (Gnoll Warper)              Turns: 5169, Time: 00:10:50

Health: -4/69      AC:  8    Str: 16    XL:     9   Next: 28%
Magic:  18/18      EV: 14    Int: 15    God:    Makhleb [**....]
Gold:   278        SH:  0    Dex: 16    Spells: 17/21 levels left

rFire    . . .     SeeInvis .   H - +2 scimitar (elec)
rCold    . . .     Gourm    .   (no shield)
rNeg     . . .     Faith    .   I - +0 ring mail {MR+}
rPois    .         Spirit   .   (no helmet)
rElec    .         Reflect  .   (no cloak)
rCorr    .         Harm     .   w - +1 pair of gloves
MR       +....                  (no boots)
Stlth    ++........             (no amulet)
HPRegen  0.21/turn              j - ring of wizardry
MPRegen  0.16/turn              (no ring)

@: about to teleport
A: distributed training, fangs 1, strong nose
a: Minor Destruction, Renounce Religion


You were on level 2 of the Abyss.
You worshipped Makhleb.
Makhleb was pleased with you.
You were not hungry.

You visited 1 branch of the dungeon, and saw 6 of its levels.
You visited the Abyss 1 time.
You also visited: Ossuary.

You collected 278 gold pieces.

Inventory:

Hand Weapons
 a - a +0 falchion
 l - a +0 short sword of protection
 s - a +2 whip of distortion
 H - a +2 scimitar of electrocution (weapon)
Missiles
 e - 5 tomahawks of dispersal (quivered)
 h - 2 tomahawks
Armour
 b - a +0 leather armour
 r - a +0 chain mail
 w - a +1 pair of gloves (worn)
 I - a +0 ring mail of magic resistance (worn)
Jewellery
 j - a ring of wizardry (left hand)
Wands
 u - a wand of scattershot (2)
 y - a wand of flame (19)
 J - a wand of digging (5)
Scrolls
 d - 3 scrolls of blinking
 i - 2 scrolls of random uselessness {unknown}
 k - 2 scrolls of magic mapping
 m - 2 scrolls of enchant armour
 x - 2 scrolls of teleportation
 z - a scroll of fog {unknown}
 C - a scroll of remove curse {unknown}
 E - a scroll of immolation {unknown}
 F - a scroll of enchant weapon {unknown}
 K - a scroll of amnesia {unknown}
Potions
 g - 5 potions of lignification
 n - 2 potions of heal wounds
 o - a potion of mutation {unknown}
 p - 3 potions of flight
 q - a potion of agility {unknown}
 t - 5 potions of curing
 v - a potion of degeneration {unknown}
 A - 2 potions of haste
 B - a potion of brilliance {unknown}
 D - 2 potions of magic {unknown}
Comestibles
 f - 14 rations
 G - 11 chunks of flesh


   Skills:
 + Level 6.1 Fighting
 + Level 4.0 Short Blades
 + Level 6.1 Long Blades
 + Level 4.0 Axes
 + Level 4.0 Maces & Flails
 + Level 4.0 Polearms
 + Level 4.0 Staves
 + Level 4.0 Slings
 + Level 4.0 Bows
 + Level 4.0 Crossbows
 + Level 4.8 Throwing
 + Level 4.8 Armour
 + Level 6.1 Dodging
 + Level 4.0 Stealth
 + Level 4.0 Shields
 + Level 4.0 Unarmed Combat
 + Level 6.5 Spellcasting
 + Level 3.3 Conjurations
 + Level 3.3 Hexes
 + Level 3.3 Charms
 + Level 3.3 Summonings
 + Level 3.3 Necromancy
 + Level 6.4 Translocations
 + Level 3.3 Transmutations
 + Level 3.3 Fire Magic
 + Level 3.3 Ice Magic
 + Level 3.3 Air Magic
 + Level 3.3 Earth Magic
 + Level 3.3 Poison Magic
 + Level 4.4 Invocations
 + Level 4.0 Evocations


You had 17 spell levels left.
You knew the following spells:

 Your Spells              Type           Power        Failure   Level  Hunger
a - Blink                 Tloc           N/A          1%          2    #......
b - Shroud of Golubria    Chrm/Tloc      ###.......   1%          2    #......

Your spell library contained the following spells:

 Spells                   Type           Power        Failure   Level  Hunger
 Gell's Gravitas          Tloc           ###.......   2%          3    ##.....
 Lesser Beckoning         Tloc           ###.......   2%          3    ##.....
 Teleport Other           Tloc           ###.....     2%          3    ##.....
 Passage of Golubria      Tloc           N/A          7%          4    ####...


Dungeon Overview and Level Annotations

Branches:
Dungeon (6/15)             Temple (0/1) D:5

Altars:
Cheibriados
Makhleb
Sif Muna
Zin

Shops:
D:5 (


Innate Abilities, Weirdness & Mutations

Your experience applies equally to all skills.
You have very sharp teeth.
Your uncanny sense of smell can sniff out nearby items.


Message History

A small abomination comes into view.
The Executioner gives a hideous shriek!
The small abomination misses you.
You riposte.
You slash the small abomination!
Lightning courses through the small abomination!
Your bite misses the small abomination.
The small abomination is almost destroyed.
The Executioner gestures.
The Executioner seems to speed up.
The small abomination hits you!
The Executioner hits you but does no damage.
The Executioner closely misses you. x2; The Executioner hits you!!
The Executioner closely misses you. The Executioner hits you.
As you read the scroll of teleportation, it crumbles to dust.
You feel strangely unstable.
You feel the power of the Abyss delaying your translocation!
The Executioner hits you.
* * * LOW HITPOINT WARNING * * *
The Executioner closely misses you.
The Executioner hits you but does no damage.
The Executioner hits you!!
You die...

... ............ ......
.... #.....#.....#.....
##...###...###...###. .#
#.....#.....#.....#.....
.......................
.......................
........................
#.....#..x..# ....#... .
#....@1###.#.##.......
#.....#x...#.# .#.###
.......##....... .#.# #
.#..... .....#. .
....... #....# # .......
..... ####### .....


You could see an Executioner and 2 small abominations.

Vanquished Creatures
  Pikel (D:4)
  Grinder (D:3)
  Sigmund (D:3)
  A wyvern (D:6)
  Menkaure (D:5)
  A sky beast (D:5)
  A slave (D:4)
  An ogre (D:5)
  A centaur (D:6)
  2 water moccasin zombies (Ossuary)
  A scorpion (D:4)
  A crimson imp (D:5)
  A hound (D:4)
  An orc priest (D:5)
  4 orc wizards
  Crazy Yiuf (D:2)
  2 iguanas
  Ijyb (D:3)
  A hound skeleton (D:4)
  2 mummies (Ossuary)
  4 adders
  A river rat (D:3)
  An ooze (D:5)
  7 adder zombies (Ossuary)
  A worm (D:2)
  A leopard gecko (D:1)
  6 orcs
  A ball python (D:2)
  8 bats
  4 giant cockroaches
  7 hobgoblins
  3 jackals (D:5)
  A quokka (D:4)
  3 frilled lizards
  A gnoll zombie (Ossuary)
  A goblin (D:2)
  5 hobgoblin zombies (Ossuary)
  6 kobolds
  4 kobold zombies (Ossuary)
  4 orc zombies (Ossuary)
  A quokka zombie (D:6)
  11 rats
107 creatures vanquished.

Vanquished Creatures (others)
  A slave (D:4)
  An ogre (D:4)
  A water moccasin zombie (Ossuary)
  A hound (D:4)
  A howler monkey skeleton (D:4)
  An adder (D:4)
  An adder zombie (Ossuary)
  An orc (D:4)
  A goblin zombie (D:6)
  A hobgoblin zombie (Ossuary)
10 creatures vanquished.

Grand Total: 117 creatures vanquished

Notes
Turn   | Place    | Note
-------+----------+-------------------------------------------
     0 | D:1      | LostNumber the Gnoll Warper began the quest for the Orb.
     0 | D:1      | Reached XP level 1. HP: 20/20 MP: 6/6
   110 | D:1      | Reached XP level 2. HP: 24/26 MP: 7/7
   115 | D:1      | Learned a level 2 spell: Blink
   118 | D:1      | Learned a level 2 spell: Shroud of Golubria
   843 | D:2      | Reached skill level 5 in Spellcasting
   843 | D:2      | Reached XP level 3. HP: 9/31 MP: 7/9
  1224 | D:2      | Found a burning altar of Makhleb.
  1234 | D:2      | Became a worshipper of Makhleb the Destroyer
  1250 | D:2      | Reached skill level 1 in Invocations
  1338 | D:2      | Found a runed translucent door.
  1339 | D:2      | Noticed Crazy Yiuf
  1423 | D:2      | Reached skill level 1 in Short Blades
  1423 | D:2      | Reached skill level 1 in Axes
  1423 | D:2      | Reached skill level 1 in Maces & Flails
  1423 | D:2      | Reached skill level 1 in Polearms
  1423 | D:2      | Reached skill level 1 in Staves
  1423 | D:2      | Reached skill level 1 in Slings
  1423 | D:2      | Reached skill level 1 in Bows
  1423 | D:2      | Reached skill level 1 in Crossbows
  1423 | D:2      | Reached skill level 1 in Stealth
  1423 | D:2      | Reached skill level 1 in Shields
  1423 | D:2      | Reached skill level 1 in Unarmed Combat
  1423 | D:2      | Reached skill level 1 in Evocations
  1712 | D:2      | Killed Crazy Yiuf
  1712 | D:2      | Reached XP level 4. HP: 38/38 MP: 8/11
  1751 | D:3      | Noticed Ijyb
  1755 | D:3      | Noticed Grinder
  1760 | D:3      | Killed Ijyb
  1760 | D:3      | Reached skill level 1 in Conjurations
  1760 | D:3      | Reached skill level 1 in Hexes
  1760 | D:3      | Reached skill level 1 in Charms
  1760 | D:3      | Reached skill level 1 in Summonings
  1760 | D:3      | Reached skill level 1 in Necromancy
  1760 | D:3      | Reached skill level 1 in Transmutations
  1760 | D:3      | Reached skill level 1 in Fire Magic
  1760 | D:3      | Reached skill level 1 in Ice Magic
  1760 | D:3      | Reached skill level 1 in Air Magic
  1760 | D:3      | Reached skill level 1 in Earth Magic
  1760 | D:3      | Reached skill level 1 in Poison Magic
  1781 | D:3      | Paralysed by Grinder for 4 turns
  1786 | D:3      | Killed Grinder
  1786 | D:3      | Reached skill level 5 in Fighting
  1786 | D:3      | Reached skill level 5 in Long Blades
  1786 | D:3      | Reached skill level 5 in Dodging
  1786 | D:3      | Reached XP level 5. HP: 4/44 MP: 12/12
  1786 | D:3      | Reached XP level 6. HP: 4/51 MP: 14/14
  2072 | D:3      | Found a glowing drain.
  2131 | D:3      | Reached * piety under Makhleb
  2208 | D:3      | Noticed Sigmund
  2646 | D:3      | Killed Sigmund
  2646 | D:3      | Reached XP level 7. HP: 51/56 MP: 15/15
  3055 | D:4      | Noticed Pikel
  3080 | D:4      | Killed Pikel
  3080 | D:4      | Reached XP level 8. HP: 37/63 MP: 16/16
  3683 | D:5      | Entered Level 5 of the Dungeon
  3731 | D:5      | Found a deep blue altar of Sif Muna.
  3941 | D:5      | Noticed Menkaure
  4075 | D:5      | Found a staircase to the Ecumenical Temple.
  4145 | D:5      | Killed Menkaure
  4363 | D:5      | Found a glowing silver altar of Zin.
  4364 | D:5      | Found a snail-covered altar of Cheibriados.
  4402 | D:5      | Found Tiecris's Antique Weapon Shop.
  4642 | D:6      | Found a sand-covered staircase.
  4649 | Ossuary  | Entered an ossuary
  4657 | Ossuary  | Reached XP level 9. HP: 69/69 MP: 18/18
  4713 | Ossuary  | Reached ** piety under Makhleb
  5087 | D:6      | Cast into level 2 of the Abyss (a distortion unwield)
  5135 | Abyss:2  | Noticed a reaper
  5143 | Abyss:2  | Noticed a starcursed mass
  5158 | Abyss:2  | Noticed a large abomination
  5161 | Abyss:2  | Noticed an Executioner
  5169 | Abyss:2  | Slain by an Executioner

Skill      XL: |  1  2  3  4  5  6  7  8  9 |
---------------+----------------------------+-----
Spellcasting   | 5 6 |  6.5
Invocations    | 1 2 3 4 |  4.4
Short Blades   | 1 2 3 4 |  4.0
Axes           | 1 2 3 4 |  4.0
Maces & Flails | 1 2 3 4 |  4.0
Polearms       | 1 2 3 4 |  4.0
Staves         | 1 2 3 4 |  4.0
Slings         | 1 2 3 4 |  4.0
Bows           | 1 2 3 4 |  4.0
Crossbows      | 1 2 3 4 |  4.0
Stealth        | 1 2 3 4 |  4.0
Shields        | 1 2 3 4 |  4.0
Unarmed Combat | 1 2 3 4 |  4.0
Evocations     | 1 2 3 4 |  4.0
Conjurations   | 1 2 3 |  3.3
Hexes          | 1 2 3 |  3.3
Charms         | 1 2 3 |  3.3
Summonings     | 1 2 3 |  3.3
Necromancy     | 1 2 3 |  3.3
Transmutations | 1 2 3 |  3.3
Fire Magic     | 1 2 3 |  3.3
Ice Magic      | 1 2 3 |  3.3
Air Magic      | 1 2 3 |  3.3
Earth Magic    | 1 2 3 |  3.3
Poison Magic   | 1 2 3 |  3.3
Fighting       | 5 6 |  6.1
Long Blades    | 5 6 |  6.1
Throwing       | 3 4 |  4.8
Armour         | 3 4 |  4.8
Dodging        | 5 6 |  6.1
Translocations | 6 |  6.4

Action                   |  1- 3 |  4- 6 |  7- 9 || total
-------------------------+-------+-------+-------++-------
Melee: Falchion          |    34 |       |       ||    34
       Bite              |     6 |     5 |    22 ||    33
       Short sword       |    66 |       |       ||    66
       Whip              |    15 |    49 |   213 ||   277
       Punch             |       |       |     1 ||     1
 Cast: Shroud of Golubri |     2 |       |       ||     2
Evoke: Wand              |       |     2 |       ||     2
  Use: Scroll            |       |       |     9 ||     9
 Stab: Sleeping          |       |       |     5 ||     5
       Distracted        |       |       |     1 ||     1
  Eat: Chunk             |     2 |     3 |     6 ||    11
       Ration            |       |       |     1 ||     1
Armor: Leather armour    |    25 |     3 |    31 ||    59
       Ring mail         |       |       |     2 ||     2
Dodge: Dodged            |    81 |    26 |   142 ||   249
       Rpst.: Falchion   |     9 |       |       ||     9
       Scimitar          |       |       |     1 ||     1
